 Dungeon Crawl Stone Soup version 0.26.0-10-g1f06aea511 (console) character file.

Game seed: 15568596285587076833

32 doot the Firebug (level 3, -1/19 HPs)
             Began as a Gargoyle Fire Elementalist on Feb 2, 2021.
             Slain by a white imp (5 damage)
             ... on level 5 of the Dungeon.
             The game lasted 00:03:53 (1239 turns).

doot the Firebug (Gargoyle Fire Elementalist)       Turns: 1239, Time: 00:03:53

Health: -1/19      AC:  5    Str:  8 (11) XL:     3   Next: 27%
Magic:  0/6        EV: 12    Int: 13 (16) God:
Gold:   82         SH:  0    Dex:  8 (10) Spells: 6/7 levels left

rFire    . . .     SeeInvis .   g - staff of conjuration
rCold    . . .     Faith    .   (no shield)
rNeg     + + .     Spirit   .   a - +0 robe
rPois    ∞         Reflect  .   (no helmet)
rElec    +         Harm     .   (no cloak)
rCorr    .         Rampage  .   (no gloves)
Will     +....                  (no boots)
Stlth    ++........             (no amulet)
HPRegen  0.06/turn              d - ring of willpower
MPRegen  0.10/turn              i - ring of positive energy

@: attractive
A: negative energy resistance 1, electricity resistance, unbreathing,
petrification resistance, miasma immunity, AC +3
a: no special abilities


You were on level 5 of the Dungeon.
You visited 1 branch of the dungeon, and saw 5 of its levels.

You collected 82 gold pieces.

Inventory:

Hand Weapons
 e - a +0 club
Armour
 a - a +0 robe (worn)
 h - a +0 buckler
Magical Staves
 g - an uncursed staff of conjuration (weapon)
Jewellery
 d - a ring of willpower (left hand)
 i - a ring of positive energy (right hand)


   Skills:
 + Level 1.8 Dodging
 + Level 2.2 Stealth
 + Level 2.5 Spellcasting
 + Level 1.2 Conjurations
 + Level 3.5 Fire Magic


You had 6 spell levels left.
You knew the following spells:

 Your Spells              Type           Power        Failure   Level
a - Foxfire               Conj/Fire      44%          9%          1

Your spell library contained the following spells:

 Spells                   Type           Power        Failure   Level
 Conjure Flame            Conj/Fire      11%          26%         3
 Inner Flame              Hex/Fire       6%           34%         3
 Sticky Flame             Conj/Fire      11%          65%         4
 Fireball                 Conj/Fire      5%           94%         5


Dungeon Overview and Level Annotations

Branches:
Dungeon (5/15)
 Temple: D:4-7

Altars:
Ru
Yredelemnul
The Shining One


Innate Abilities, Weirdness & Mutations

You are resistant to torment.
Your stone body is resilient. (AC +3)
You are immune to poison.
You resist negative energy. (rN+)
You are resistant to electric shocks. (rElec)
You can survive without breathing.
You are immune to petrification.
You are immune to miasma.


Message History

You feel better.
The white imp hits you but does no damage.
The scorpion barely misses you.
It was a potion of attraction.
You feel attractive to monsters. The white imp hits you.
The white imp freezes you.
* * * LOW HITPOINT WARNING * * *
The scorpion closely misses you.
You aren't carrying any potions.
Unknown command.
Unknown command.
You barely miss the scorpion.
The scorpion is almost dead.
The white imp misses you. The scorpion completely misses you.
You closely miss the scorpion.
The scorpion is almost dead.
The white imp hits you.
* * * LOW HITPOINT WARNING * * *
The white imp freezes you.
You die...

.........#
.........#
........####
........>.###
#>.........#
#..........#
#..........#
#..........#
##.5.........
#..@.........
#..s.........
#...#####+##.
#..<#
.....)...#
#####.....⌠
....#...+
######.#⌠#
..#⌠⌠ ###...
...


You could see a scorpion and a white imp.

Vanquished Creatures
  2 adders
  A worm (D:3)
  An orc (D:5)
  A giant cockroach (D:2)
  A goblin (D:3)
  2 hobgoblins
  2 kobolds
  A bat (D:3)
  A frilled lizard (D:2)
12 creatures vanquished.

Vanquished Creatures (others)
  57 foxfires
57 creatures vanquished.

Grand Total: 69 creatures vanquished

Notes
Turn   | Place    | Note
-------+----------+-------------------------------------------
     0 | D:1      | doot the Gargoyle Fire Elementalist began the quest for the
                  | Orb.
     0 | D:1      | Reached XP level 1. HP: 10/10 MP: 3/3
   191 | D:2      | Reached XP level 2. HP: 11/15 MP: 0/5
   777 | D:3      | Found a basalt altar of Yredelemnul.
   780 | D:3      | Found a glowing golden altar of the Shining One.
   782 | D:3      | Noticed an angel
  1057 | D:4      | Found a sacrificial altar of Ru.
  1087 | D:4      | Reached XP level 3. HP: 19/19 MP: 3/6
  1209 | D:5      | Entered Level 5 of the Dungeon
  1222 | D:5      | Noticed a scorpion
  1239 | D:5      | Slain by a white imp

Illustrated notes

Levels and vault maps discovered:
D:1:      sevenhm_arrival_forest_fort_small_5, layout_basic
D:2:      minmay_diamond_boxcup, layout_loops_ring,
          nicolae_overflow_hidden_temple
D:3:      layout_basic, grunt_temple_overflow_holy_war,
          riverfiend_overflow_shadow_ancestor, minmay_bisected, uniq_robin,
          uniq_ijyb
D:4:      kennysheep_six_static_rooms, layout_loops_ring, lemuel_doored_altar,
          okawaru_trees_1
D:5:      layout_basic, kennysheep_mini_moat,
          minmay_temple_entry_statues_fountains

Action                   || total
-------------------------++-------
Melee: Club              ||     4
       Staff             ||     7
 Cast: Foxfire           ||    38
  Use: Potion            ||     5
Armor: Robe              ||    11
Dodge: Dodged            ||    33
